 Dungeon Crawl Stone Soup version 0.21.1-1-g345015f (webtiles) character file.

3922 GrunderHorse the Spear-Bearer (level 10, -2/115 HPs)
             Began as a Merfolk Gladiator on Mar 17, 2018.
             Was a Priest of Okawaru.
             Slain by Psyche
             ... wielding a +0 dagger of distortion
              (5 damage)
             ... on level 8 of the Dungeon.
             The game lasted 00:20:06 (10156 turns).

GrunderHorse the Spear-Bearer (Merfolk Gladiator)  Turns: 10156, Time: 00:20:07

Health: -2/115     AC: 25    Str: 12 (15) XL:     10   Next: 20%
Magic:  10/10      EV:  2    Int: 10 (12) God:    Okawaru [***...]
Gold:   517        SH:  0    Dex: 15 (18) Spells: 10/10 levels left

rFire    . . .     SeeInvis +   A - +2 spear
rCold    . . .     Gourm    .   (no shield)
rNeg     + + +     Faith    .   (armour currently unavailable)
rPois    +         Spirit   .   (helmet currently unavailable)
rElec    .         Reflect  .   (cloak currently unavailable)
rCorr    .         Harm     .   (gloves currently unavailable)
MR       .....     Rnd*Rage +   (boots currently unavailable) Stlth +.........NoTele +
                                (no amulet)
HPRegen  0.29/turn              F - +4 ring of intelligence
MPRegen  0.12/turn              D - ring of see invisible

@: tree-form
A: (change form in water), (swift swim), (stealthy swim), berserk 1
a: Heroism, Renounce Religion


You were on level 8 of the Dungeon.
You worshipped Okawaru.
Okawaru was most pleased with you.
You were not hungry.
You were a tree.
You visited 2 branches of the dungeon, and saw 9 of its levels.
You also visited: Ossuary.

You collected 517 gold pieces.

Inventory:

Hand Weapons
 A - a +2 spear (weapon)
Missiles
 d - a throwing net
 n - 3 tomahawks
 r - a silver tomahawk (quivered)
Armour
 b - a +0 robe
 c - a +1 helmet (melded)
 m - a +0 ring mail (melded)
 q - a +0 pair of boots (melded)
 v - a +0 plate armour
Jewellery
 h - an uncursed ring of flight
 k - an uncursed ring of fire
 D - a ring of see invisible (right branch)
 F - a +4 ring of intelligence (left branch)
Wands
 o - a wand of flame (29)
 x - a wand of digging (15)
 C - a wand of polymorph (6)
 E - a wand of iceblast (9)
Scrolls
 g - 7 scrolls of identify
 i - a scroll of blinking
 j - 7 scrolls of teleportation
 p - 4 scrolls of remove curse
 s - 2 scrolls of enchant armour
 t - a scroll of fog
 y - a scroll of immolation
 B - 3 scrolls of enchant weapon
Potions
 u - a potion of brilliance
 w - a potion of degeneration
 z - 2 potions of magic
Comestibles
 a - 3 chunks of flesh
 f - 12 rations


   Skills:
 + Level 6.4 Fighting
 - Level 13.1 Polearms
 - Level 2.0 Throwing
 + Level 12.5 Dodging
 - Level 1.0 Unarmed Combat
 - Level 0.6 Spellcasting
 - Level 1.1 Invocations
 - Level 1.1 Evocations


You had 10 spell levels left.
You didn't know any spells.

Dungeon Overview and Level Annotations

Branches:
Dungeon (8/15)             Temple (1/1) D:5
   Lair: D:8-11

Altars:
Ashenzari
Cheibriados
Elyvilon
Fedhas
Gozag
Hepliaklqana
Kikubaaqudgha
Makhleb
Nemelex Xobeh
Okawaru
Qazlal
Ru
Trog
Uskayaw
Wu Jian
Xom
Yredelemnul
Zin
The Shining One

Annotations:
D:8 Psyche


Innate Abilities, Weirdness & Mutations

((You revert to your normal form in water.))
((You are very nimble and swift while swimming.))
((You are very stealthy in the water. (Stealth+)))
You tend to lose your temper in combat.
((Your system is resistant to poisons. (rPois)))


Message History

Space bends around you.
* * * LOW HITPOINT WARNING * * *
Evoke which item? (* to show all) (? for menu, Esc to quit)
Aiming: Polymorph
Press: ? - help, Shift-Dir - straight line, f/p - two-headed ogre
Aim: a two-headed ogre, wielding a giant club and a giant spiked club (inner flame, chance to defeat MR: 32%)
The two-headed ogre easily resists.
Psyche looks braver for a moment.
The two-headed ogre hits you but does no damage.
The two-headed ogre hits you with a giant spiked club.
* * * LOW HITPOINT WARNING * * *
Psyche points at you and mumbles some strange words.
The puff of flame hits you!
Evoke which item? (* to show all) (? for menu, Esc to quit)
Aiming: Polymorph
Press: ? - help, Shift-Dir - straight line, f/p - two-headed ogre
Aim: a two-headed ogre, wielding a giant club and a giant spiked club (inner flame, chance to defeat MR: 32%)
The two-headed ogre easily resists.
Psyche hits you but does no damage. Space bends around you.
You die...

####..##............##.
#....##...............#
#.####.................
#.####.................
#........[...........##
######........ ..... #
#.§...... ..... #
#......(. # #♣#.....#
#@O###..## # #(## #...
... .. ### ..... .(.
..... .(.. ...( .....
... ...... ...


You could see a two-headed ogre (inner flame) and Psyche (inner flame).

Vanquished Creatures
  A spriggan (D:7)
  A hungry ghost (D:7)
  2 orc warriors
  A black bear (D:7)
  2 ice beasts
  3 sky beasts
  3 phantoms
  2 necrophages
  4 ogres
  An elf zombie (Ossuary)
  A bullfrog (D:6)
  3 scorpions
  5 killer bees
  2 howler monkeys
  2 crimson imps (D:6)
  A centaur zombie (Ossuary)
  2 bullfrog zombies
  3 hounds
  6 orc priests
  3 human zombies (Ossuary)
  A jelly (D:8)
  7 orc wizards
  A bullfrog skeleton (D:6)
  A centaur skeleton (D:4)
  3 iguanas
  Natasha (thrice) (D:3)
  11 worker ants
  A hound zombie (D:7)
  2 mummies (Ossuary)
  Robin (D:4)
  4 gnolls (D:7)
  6 adders
  2 shadow imps
  An adder skeleton (D:4)
  5 worms
  5 dart slugs
  4 leopard geckos
  20 orcs
  14 bats
  4 giant cockroaches
  14 goblins
  6 hobgoblins
  10 jackals
  2 quokkas
  4 frilled lizards
  5 goblin zombies (Ossuary)
  6 hobgoblin zombies (Ossuary)
  2 kobolds
  11 kobold zombies (Ossuary)
  10 orc zombies (Ossuary)
  7 rats
221 creatures vanquished.

Vanquished Creatures (others)
  A hound zombie (D:8)
1 creature vanquished.

Grand Total: 222 creatures vanquished

Notes
Turn   | Place    | Note
-------+----------+-------------------------------------------
     0 | D:1      | GrunderHorse the Merfolk Gladiator began the quest for the Orb.
     0 | D:1      | Reached XP level 1. HP: 16/16 MP: 1/1
   181 | D:1      | Reached skill level 5 in Polearms
   183 | D:1      | Reached XP level 2. HP: 19/22 MP: 2/2
   835 | D:2      | Reached skill level 6 in Polearms
   835 | D:2      | Reached XP level 3. HP: 17/27 MP: 3/3
  1076 | D:2      | Found a bloodstained altar of Trog.
  1411 | D:2      | Found a glowing silver altar of Zin.
  1412 | D:2      | Found a white marble altar of Elyvilon.
  1413 | D:2      | Found a glowing golden altar of the Shining One.
  1523 | D:3      | Reached XP level 4. HP: 31/33 MP: 4/4
  1526 | D:3      | Reached skill level 7 in Polearms
  1735 | D:3      | Noticed Natasha
  1748 | D:3      | Killed Natasha
  1896 | D:3      | Noticed Natasha
  1907 | D:3      | Killed Natasha
  1907 | D:3      | Reached skill level 8 in Polearms
  1907 | D:3      | Reached XP level 5. HP: 29/38 MP: 5/5
  2134 | D:3      | Noticed Natasha
  2143 | D:3      | Killed Natasha
  2582 | D:4      | Noticed a necrophage
  2595 | D:4      | Killed a necrophage
  2595 | D:4      | Reached skill level 9 in Polearms
  2595 | D:4      | Reached XP level 6. HP: 42/43 MP: 6/6
  2652 | D:4      | Reached skill level 10 in Polearms
  2684 | D:4      | Noticed Robin
  2685 | D:4      | Noticed a phantom
  2690 | D:4      | Killed Robin
  2698 | D:4      | Killed a phantom
  2783 | D:4      | Reached XP level 7. HP: 40/49 MP: 7/7
  2792 | D:4      | Reached skill level 11 in Polearms
  3170 | D:4      | Reached skill level 12 in Polearms
  3313 | D:4      | Found a shattered altar of Ashenzari.
  3527 | D:4      | Found a sacrificial altar of Ru.
  3808 | D:5      | Entered Level 5 of the Dungeon
  3808 | D:5      | Found a staircase to the Ecumenical Temple.
  3816 | Temple   | Entered the Ecumenical Temple
  3919 | Temple   | Became a worshipper of Warmaster Okawaru
  3950 | D:5      | Reached XP level 8. HP: 29/55 MP: 8/8
  3980 | D:5      | Reached skill level 13 in Polearms
  4124 | D:5      | Found a sand-covered staircase.
  4141 | Ossuary  | Entered an ossuary
  4590 | Ossuary  | Reached skill level 5 in Dodging
  5391 | D:6      | Reached * piety under Okawaru
  5458 | D:6      | Reached XP level 9. HP: 37/60 MP: 9/9
  5707 | D:6      | Reached skill level 1 in Invocations
  5742 | D:6      | Found a hide-covered altar of Uskayaw.
  6508 | D:7      | Reached skill level 10 in Dodging
  6508 | D:7      | Reached skill level 1 in Unarmed Combat
  6523 | D:6      | Reached skill level 1 in Evocations
  6721 | D:7      | Reached ** piety under Okawaru
  6900 | D:7      | Found a glowing golden altar of the Shining One.
  7231 | D:7      | Gained mutation: You tend to lose your temper in combat. [potion of mutation]
  7231 | D:7      | Gained mutation: Your system is resistant to poisons. (rPois) [potion of mutation]
  7255 | D:6      | HP: 3/62 [poisoned by a killer bee]
  7261 | D:6      | HP: 2/62 [poisoned by a killer bee]
  7269 | D:6      | HP: 2/62 [poisoned by a killer bee]
  7621 | D:6      | HP: 3/63 [poisoned by a killer bee]
  7626 | D:6      | HP: 3/63 [poisoned by a killer bee]
  7632 | D:6      | HP: 3/63 [poisoned by a killer bee]
  7638 | D:6      | HP: 3/63 [poisoned by a killer bee]
  7644 | D:6      | HP: 2/63 [poisoned by a killer bee]
  9067 | D:7      | Reached skill level 5 in Fighting
  9146 | D:8      | Reached XP level 10. HP: 36/73 MP: 10/10
  9378 | D:8      | Reached *** piety under Okawaru
  9521 | D:8      | Found an ornate altar of the Wu Jian Council.
 10118 | D:8      | Noticed Psyche
 10122 | D:8      | Noticed a two-headed ogre
 10154 | D:8      | HP: 5/115 [Psyche/dagger of distortion (2)]
 10155 | D:8      | HP: 2/115 [two-headed ogre/giant club (3)]
 10156 | D:8      | Slain by Psyche

Skill      XL: |  1  2  3  4  5  6  7  8  9 10 |
---------------+-------------------------------+-----
Polearms       | 5 6 8 9 10 12 13 | 13.1
Dodging        | 9 12 | 12.5
Invocations    | 1 |  1.1
Unarmed Combat | 1 |  1.0
Evocations     | 1 |  1.1
Fighting       | 5 6 |  6.4
Throwing       | |  2.0
Spellcasting   | |  0.6

Action                   |  1- 3 |  4- 6 |  7- 9 | 10-12 || total
-------------------------+-------+-------+-------+-------++-------
Melee: Trident           |   115 |   151 |   108 |       ||   374
       Spear             |       |       |   946 |   222 ||  1168
       Punch             |       |       |     2 |     2 ||     4
Throw: Throwing net      |       |       |     5 |       ||     5
       Tomahawk          |       |       |     2 |     6 ||     8
Invok: Heroism           |       |       |     2 |       ||     2
Evoke: Wand              |       |       |       |     5 ||     5
  Use: Potion            |       |     3 |     6 |     4 ||    13
       Scroll            |       |       |     4 |     6 ||    10
 Stab: Distracted        |     1 |       |       |       ||     1
       Sleeping          |     1 |     1 |       |       ||     2
       Held in net/web   |       |       |     6 |       ||     6
       Invisible         |       |       |     4 |       ||     4
  Eat: Chunk             |     2 |     4 |    12 |     4 ||    22
       Ration            |       |       |     4 |       ||     4
Armor: Leather armour    |    23 |     6 |       |       ||    29
       Plate armour      |       |    75 |   305 |       ||   380
       Ring mail         |       |       |     6 |    38 ||    44
       Skin              |       |       |       |    40 ||    40
Dodge: Dodged            |    49 |    30 |   235 |   120 ||   434
